 Dungeon Crawl Stone Soup version 0.31-a0-704-g1016066182 (webtiles) character file.

Game seed: 7867031985528772327

88 Ordine the Ruffian (level 4, -1/29 HPs)
             Began as an Octopode Shapeshifter on Sept 9, 2023.
             Succumbed to Sigmund's poison
             ... on level 3 of the Dungeon.
             The game lasted 00:05:31 (1848 turns).

Ordine the Ruffian (Octopode Shapeshifter)          Turns: 1848, Time: 00:05:31

Health: -1/29      AC:  1    Str: 15    XL:     4   Next: 53%
Magic:  0/4        EV: 13    Int: 12    God:
Gold:   33         SH:  0    Dex: 11    Spells: 3/3 levels left

rFire   . .          .
                       - Unarmed
rCold   . . .        (no shield)
rNeg    . . .        (helmet currently unavailable)
rPois   .            p - amulet of guardian spirit
rElec   .            (no ring)
rCorr   .            (no ring)
SInv    .            (no ring)
Will    .....        (no ring)
Stlth   +++          (no ring)
HPRegen 0.24/turn    (no ring)
MPRegen 0.09/turn    (no ring)
                     (no ring)

%: guardian spirit
@: brilliant, lethally poisoned (-1 -> -19), beast-form
A: beast (slay +1), almost no armour, amphibious, 8 rings, camouflage 1,
gelatinous body 1, (nimble swimmer 1), tentacles
a: Begin Untransformation


You were on level 3 of the Dungeon.
You were a hulking beast.
You visited 1 branch of the dungeon, and saw 3 of its levels.

You collected 96 gold pieces.
You spent 63 gold pieces at shops.

Inventory:

Jewellery
 f - a ring of fire
 n - a ring of fire
 p - an amulet of guardian spirit (around mantle)
Talismans
 b - a beast talisman (active)
 c - a flux talisman
Wands
 i - a wand of iceblast (7)
Scrolls
 e - a scroll of teleportation
 g - a scroll of poison
 h - a scroll of fear
 j - a scroll of blinking
 k - a scroll of vulnerability {unknown}
 o - a scroll of enchant armour {unknown}
Potions
 a - a potion of lignification
 d - a potion of berserk rage
 m - a potion of heal wounds {unknown}


   Skills:
 + Level 1.9 Fighting
 + Level 2.6 Dodging
 + Level 2.0 Stealth
 * Level 3.8 Unarmed Combat
 + Level 3.3 Shapeshifting


You had 3 spell levels left.
You didn't know any spells.
Your spell library contained the following spells:

 Spells                   Type           Power      Damage    Failure   Level
 Shock                    Conj/Air       0%         1d3       32%         1
 Cigotuvi's Dreadful Rot  Necr/Pois/Air  0%         N/A       45%         2
 Ensorcelled Hibernation  Hex/Ice        0%         N/A       45%         2
 Passwall                 Tmut/Erth      0%         N/A       45%         2
 Ignite Poison            Fire/Tmut/Pois 0%         N/A       69%         3
 Swiftness                Air            0%         N/A       69%         3
 Airstrike                Air            0%         2d(0-16)  97%         4
 Freezing Cloud           Conj/Ice/Air   0%         6-21      100%        5


Dungeon Overview and Level Annotations

Branches:
Dungeon (3/15)

Altars:

Shops:
D:1 [**((   D:2 *

Annotations:
D:3 Sigmund


Innate Abilities, Weirdness & Mutations

You are a hulking beast.
Your limbs bulge with bestial killing power. (Slay +1)
You cannot wear most types of armour.
You are amphibious.
You can wear up to eight rings at the same time.
Your skin changes colour to match your surroundings (Stealth+).
Your rubbery body absorbs attacks. (AC +1, EV +1)
((You are camouflaged when in or above water. (Stealth+)))
You have tentacles for arms and can constrict up to eight enemies at once.


Message History

You resist with some effort.
You tentacle-slap the endoplasm.
You kill the endoplasm!
Sigmund says, "Now you see me, now you don't..."
Sigmund gestures wildly while chanting.
Sigmund flickers and vanishes!
Deactivating autopickup; reactivate with Ctrl-A.
There is a stone staircase leading up here.
HP restored.
You climb upwards.
Reactivating autopickup.
There is a stone staircase leading down here.
You start waiting.
Done waiting.
You start waiting.
Done waiting.
You climb downwards.
Level annotation: Sigmund
There is a stone staircase leading up here.
Sigmund hits you with a +3 scythe of venom!
You are poisoned.
You tentacle-slap Sigmund. You grab Sigmund.
Sigmund is lightly wounded.
You constrict Sigmund, but do no damage.
You feel very sick. Sigmund misses you.
You bludgeon Sigmund! You tentacle-slap Sigmund. You squeeze Sigmund.
Sigmund is heavily wounded.
You constrict Sigmund.
You feel sick.
You are too injured to fight recklessly!
You tentacle-slap Sigmund.
Sigmund is severely wounded.
You constrict Sigmund.
You feel sick.
Sigmund hits you with a +3 scythe of venom!
* * * LOW HITPOINT WARNING * * *
You are more poisoned.
It was a potion of brilliance.
You feel clever all of a sudden.
You constrict Sigmund.
You die...

#.# ..# .)..# .. ..#.#
##....#.# =..#.#.#
....#.# #..#.##########
#.##..#@##........>
#......#h<.########.#####
####..#.#### #.....)^.
#..#.# #......<. #.....
....##### #...... <
########


You could see Sigmund.

Vanquished Creatures
  A gnoll (D:1)
  3 adders (D:2)
  A worm (D:2)
  An orc (D:3)
  3 ball pythons
  7 endoplasms
  6 giant cockroaches
  3 goblins
  2 hobgoblins (D:1)
  5 kobolds
  2 quokkas
  5 bats
  2 frilled lizards
  4 rats
45 creatures vanquished.

Notes
Turn   | Place    | Note
-------+----------+-------------------------------------------
     0 | D:1      | Ordine the Octopode Shapeshifter began the quest for the
                  | Orb.
     0 | D:1      | Reached XP level 1. HP: 13/13 MP: 1/1
   114 | D:1      | Reached XP level 2. HP: 18/18 MP: 2/2
   176 | D:1      | Found Elus's General Store.
   178 | D:1      | Found Diafoim's Assorted Antiques.
   222 | D:1      | Bought a scroll of identify for 24 gold pieces
   244 | D:1      | Reached skill level 1 in Stealth
   292 | D:1      | Reached XP level 3. HP: 16/23 MP: 3/3
   327 | D:1      | Found Kiud's Antique Armour Shoppe.
   488 | D:1      | Found Ceoss's Antique Weapon Shop.
   700 | D:1      | Found Axo Teos's Antique Weapon Shop.
   763 | D:1      | Bought a scroll labelled KUCHOG JISAOGG for 21 gold pieces
  1029 | D:2      | Reached XP level 4. HP: 23/29 MP: 4/4
  1183 | D:2      | Found Nyusk's Assorted Antiques.
  1186 | D:2      | Bought a cyan potion for 18 gold pieces
  1632 | D:3      | Noticed Sigmund
  1848 | D:3      | Succumbed to Sigmund's poison

Illustrated notes

Levels and vault maps discovered:
D:1:      dpeg_arrival_refuge, layout_basic, serial_shops,
          nicolae_shop_back_alley_shop, shop, shop, nicolae_diamond_shop, shop,
          hangedman_decor_peaks_small, nicolae_grassy_gnolls
D:2:      layout_basic, serial_shops, nicolae_shop_real_fake_doors,
          minmay_pentomino_o2
D:3:      minmay_bubble_buster, layout_loops_ring, uniq_sigmund

Skill      XL: |  1  2  3  4 |
---------------+-------------+-----
Stealth        | 1 2 |  2.0
Fighting       | |  1.9
Dodging        | |  2.6
Unarmed Combat | |  3.8
Shapeshifting  | |  3.3

Action                     |  1- 3 |  4- 6 || total
---------------------------+-------+-------++-------
  Melee: Unarmed           |    60 |    29 ||    89
         Constrict         |    12 |     5 ||    17
         Tentacles         |     9 |     3 ||    12
         Punch             |     1 |     1 ||     2
    Use: Scroll            |     5 |     1 ||     6
         Potion            |       |     1 ||     1
   Stab: Sleeping          |    13 |     3 ||    16
 Armour: Skin              |    21 |    11 ||    32
  Dodge: Dodged            |    28 |    11 ||    39

Table legend: (Time is in decaauts)
 A = Elapsed time spent in this place.
 B = Non-inter-level travel time spent in this place.
 C = Inter-level travel time spent in this place.
 D = Time resting spent in this place.
 E = Time spent auto-exploring this place.
 F = Levels seen in this place.
 G = Mean time per level.
                   A        B        C        D        E       F      G
               +--------+--------+--------+--------+--------+-----+--------+
         Total |   1844 |   1637 |    207 |    200 |   1094 |   3 |  614.7 |
       Dungeon |   1844 |   1637 |    207 |    200 |   1094 |   3 |  614.7 |
               +--------+--------+--------+--------+--------+-----+--------+

Top non-repeatable levels by time:
     D:2: 947 daAuts
     D:1: 874 daAuts
     D:3: 22 daAuts
